Zazza, neutral female human Tourist ------ ##-....| -------- # |....| |......| ### |....| |....@..####### # |<...| |...f.B| # --------# -.---- |......| ### |......-## |......| # |....`.|# |...`..| ### |......| -------- # |......| ##.......| |...>..| -------- Zazza the Rambler Experience level: 1 Strength: 15 Dexterity: 7 Constitution: 16 Intelligence: 11 Wisdom: 12 Charisma: 18 Health: 0(10) Energy: 2(2) Def: 5 Gold: 16 Moves: 2857 Dungeon seed: 1Av4Rtb5wwlB-Bi_ Game ID: Zazza_1619249276 Your Inventory: Coins $ - 16 gold pieces Amulets u - an uncursed amulet of ESP (being worn) Weapons a - 25 +2 darts (in quiver) B - 11 blessed +0 crossbow bolts C - a +0 crossbow Armor e - an uncursed +0 Hawaiian shirt (being worn) q - an uncursed +0 elven mithril-coat (being worn) Rings g - an uncursed ring of slow digestion (on left hand) V - an uncursed ring of teleport control (on right hand) Tools m - an expensive camera (0:68) n - an uncursed credit card o - an uncursed leash r - an uncursed sack A - an uncursed wax candle (0:400) Contents of the sack: 2205 gold pieces an uncursed egg 7 uncursed food rations an uncursed slime mold an uncursed tripe ration an uncursed scroll of enchant weapon 3 uncursed scrolls of magic mapping an uncursed spellbook of extra healing a blessed potion of extra healing an uncursed potion of extra healing an uncursed potion of healing an uncursed potion of paralysis an uncursed potion of restore ability an uncursed ring of free action a cursed ring of polymorph an uncursed ring of polymorph control an uncursed ring of shock resistance a wand of striking (0:7) Spells and supernatural/magical abilities: Name Level Category Fail Memory W - pray for help -- divine ? -- Your skills at the end: Fighting Skills Weapon Skills dart [Basic] Spellcasting Skills Final Attributes: You were nominally aligned. You were telepathic. You had teleport control. You had slower digestion. You are dead. Vanquished creatures: a floating eye a giant bat a large kobold 7 giant rats 2 cave spiders a red mold 2 gnomes a gnome zombie 3 geckos 2 jackals 3 foxes 3 kobolds a goblin 4 sewer rats 11 grid bugs a bat 2 lichens a kobold zombie 47 creatures vanquished. Voluntary challenges: You had followed a strict vegetarian diet until turn 2578. You were an atheist. You never hit with a wielded weapon. You had been a pacifist until turn 2576. You read items or engraved 9 times, starting on turn 984. You never genocided any monsters. You never polymorphed an object. You never changed form. You used no wishes. You never split a pudding. You wrote Elbereth's name 5 times, starting on turn 1596. You never violated your personal moral code. Dungeon overview: The Dungeons of Doom: levels 1 to 6 Level 1 a long staircase Level 2 some fountains Level 3 a jewelry store stairs to The Gnomish Mines Level 4 a sink Level 5 some fountains Level 6 <- You were here The Gnomish Mines: Level 4 stairs to The Dungeons of Doom History has recorded: On T:1 you entered the Dungeons of Doom to retrieve the Amulet of Yendor! On T:305 you reached level 2 of The Dungeons of Doom. On T:795 you reached level 3 of The Dungeons of Doom. On T:1710 you reached level 1 of The Gnomish Mines. On T:1746 you reached level 4 of The Dungeons of Doom. On T:2180 you reached level 5 of The Dungeons of Doom. On T:2732 you reached level 6 of The Dungeons of Doom. Score breakdown: Gold: 1267 (10555 points) Experience: 1 level ( 0 points) Exploration: 6 levels ( 11.76%) ( 9486 points) Discoveries: 1 item ( 0.34%) ( 1737 points) Valuables value: (no points given unless you survive) Artifact value: 0 ( 0 points) Variety of kills: 18 monsters ( 4.72%) ( 6520 points) Turncount: 2857 turns ( -527 points) Survival: died (score multiplied by 80%) Total score: 22216 Latest messages: Armand misses the kobold. Armand bites the kobold. The kobold is killed! There are a few objects here. C - a crossbow. B - 10 crossbow bolts. Armand bites the grid bug. The grid bug is killed! $ - 16 gold pieces. You hear rumbling in the distance. The door opens. You miss the kobold zombie. The kobold zombie hits! You miss the kobold zombie. The kobold zombie hits! (2x) You hear some noises in the distance. With great effort you move the boulder. You displace Armand. Click! You trigger a rolling boulder trap! Fortunately for you, no boulder was released. You displace Armand. You stop. Armand is in the way! The giant bat bites! (4x) You die... Final status: Aloha Zazza the Tourist, killed by a giant bat... You died in The Dungeons of Doom on dungeon level 6 with 22216 points, and 2221 pieces of gold, after 2857 moves. You were level 1 with a maximum of 10 hit points when you died.